Map: Protokół centralny

Players

Gracz - Winner!

  • Race: Protoss Protoss

SI 1 (Łatwa)

  • Race: Zerg Zerg

VOD

Have the link to the VOD?

Description

Time

  • Played on: Feb. 26, 2016, 2:38 p.m.
  • Length: 14:46
Show
View Real Time Build Order
Export as new Build Order

Gracz Protoss - Winner!

Build Orders:  

Get SALT Encoding   

  12  0:07  Probe (Chrono Boost)  
  13  0:17  Probe (Chrono Boost)  
  14  0:23  Assimilator  
  14  0:28  Probe (Chrono Boost)  
  15  0:43  Pylon  
  15  0:51  Pylon  
  15  1:01  Probe (Chrono Boost)  
  15  1:02  Pylon  
  16  1:10  Assimilator  
  16  1:12  Probe (Chrono Boost)  
  17  1:20  Forge  
  17  1:32  Gateway  
  17  1:34  Probe (Chrono Boost)  
  18  1:45  Pylon, Probe (Chrono Boost)  
  19  2:00  Pylon, Probe (Chrono Boost)  
  20  2:11  Probe (Chrono Boost)  
  21  2:28  Cybernetics Core  
  21  2:33  Gateway  
  21  2:56  Nexus  
  21  3:02  Assimilator  
  21  3:07  Assimilator  
  21  3:10  Warp Gate  
  21  3:19  Stalker  
  23  3:39  Gateway  
  23  3:54  Stargate  
  23  3:57  Stargate  
  23  4:02  Stargate  
  23  4:27  Stargate  
  23  4:34  Stargate  
  23  4:35  Probe (Chrono Boost)  
  24  4:43  Mothership Core (Chrono Boost)  
  24  4:45  Probe (Chrono Boost)  
  27  4:56  Probe (Chrono Boost)  
  28  5:12  Pylon  
  28  5:17  Pylon  
  28  5:21  Pylon  
  28  5:23  Pylon  
  28  5:30  Pylon  
  28  5:37  Pylon  
  28  5:42  Protoss Shields Level 1  
  28  5:56  Probe (Chrono Boost)  
  29  5:57  Fleet Beacon  
  29  6:01  Probe (Chrono Boost)  
  30  6:06  Probe (Chrono Boost)  
  31  6:17  Probe (Chrono Boost)  
  32  6:28  Probe (Chrono Boost)  
  33  6:34  Sentry  
  33  6:35  Sentry, Stalker  
  33  6:38  Probe (Chrono Boost)  
  40  6:46  Probe (Chrono Boost)  
  41  6:49  Probe (Chrono Boost)  
  42  6:56  Probe (Chrono Boost)  
  42  6:59  Probe (Chrono Boost)  
  42  7:00  Stalker  
  46  7:07  Probe (Chrono Boost)  
  45  7:10  Probe (Chrono Boost)  
  46  7:20  Probe (Chrono Boost)  
  30  8:24  Probe (Chrono Boost)  
  31  8:28  Probe (Chrono Boost)  
  32  8:34  Probe (Chrono Boost)  
  32  8:35  Stalker x2  
  32  8:37  Stalker  
  32  8:39  Tempest x2, Probe (Chrono Boost)  
  48  8:45  Probe (Chrono Boost)  
  49  8:49  Probe (Chrono Boost)  
  51  8:55  Probe (Chrono Boost)  
  51  9:00  Probe (Chrono Boost)  
  52  9:06  Probe (Chrono Boost)  
  53  9:11  Probe (Chrono Boost)  
  53  9:17  Probe (Chrono Boost)  
  55  9:18  Stalker x3  
  61  9:27  Probe (Chrono Boost)  
  62  9:48  Probe (Chrono Boost)  
  63  9:58  Probe (Chrono Boost)  
  64  10:00  Nexus  
  64  10:06  Assimilator  
  64  10:09  Probe (Chrono Boost)  
  64  10:11  Assimilator  
  65  10:18  Probe (Chrono Boost)  
  65  10:19  Probe (Chrono Boost)  
  67  10:29  Probe (Chrono Boost)  
  67  10:30  Probe (Chrono Boost)  
  69  10:39  Probe (Chrono Boost)  
  69  10:40  Probe (Chrono Boost)  
  71  10:50  Probe (Chrono Boost)  
  71  10:51  Probe (Chrono Boost)  
  73  11:00  Probe (Chrono Boost)  
  73  11:01  Probe (Chrono Boost)  
  75  11:06  Void Ray x2  
  75  11:07  Void Ray  
  87  11:12  Probe (Chrono Boost)  
  87  11:17  Probe (Chrono Boost)  
  89  11:22  Probe (Chrono Boost)  
  90  11:27  Probe (Chrono Boost)  
  90  11:28  Probe (Chrono Boost)  
  92  11:33  Probe (Chrono Boost)  
  92  11:38  Probe x2 (Chrono Boost)  
  95  11:43  Probe (Chrono Boost)  
  96  11:48  Void Ray x2  
  96  11:49  Probe (Chrono Boost)  
  106  11:54  Probe (Chrono Boost)  
  106  11:59  Probe (Chrono Boost)  
  107  12:10  Probe (Chrono Boost)  
  108  12:20  Probe (Chrono Boost)  
  109  12:31  Probe (Chrono Boost)  
  110  12:50  Void Ray x5  
  130  13:13  Pylon  
  130  13:19  Pylon  
  130  13:22  Pylon  
  130  13:25  Pylon  
  130  13:29  Pylon  
  130  13:33  Pylon, Void Ray x2  
  138  13:36  Pylon, Void Ray  
  140  13:56  Void Ray x2  
  140  14:02  Zealot  
Show
View Real Time Build Order
Export as new Build Order

SI 1 (Łatwa) Zerg 

Build Orders: Pool First 

Get SALT Encoding   

  12  0:00  Drone  
  13  0:12  Overlord  
  13  0:16  Drone  
  14  0:30  Drone  
  14  0:35  Drone  
  16  0:43  Spawning Pool  
  16  0:45  Extractor  
  16  0:47  Drone  
  15  0:52  Drone  
  16  1:00  Overlord  
  16  1:30  Zergling x2  
  17  1:33  Roach Warren, Queen  
  17  1:36  Drone  
  19  1:41  Extractor  
  19  1:42  Zergling x2  
  19  1:44  Drone  
  20  1:53  Zergling x2  
  21  2:05  Zergling x2  
  22  2:13  Overlord  
  22  2:24  Zergling x2  
  23  2:35  Zergling x2  
  24  2:39  Drone  
  24  2:44  Drone  
  26  2:47  Roach  
  26  2:48  Drone  
  29  2:57  Drone  
  30  3:08  Overlord  
  30  3:12  Roach, Drone  
  33  3:16  Drone  
  34  6:33  Roach, Lair, Overlord, Drone  
  34  6:37  Drone  
  38  6:44  Drone, Hatchery  
  38  6:52  Drone  
  38  6:54  Roach  
  41  7:14  Roach  
  42  7:30  Overseer  
  42  7:31  Overseer  
  41  7:37  Hydralisk Den  
  40  7:44  Roach  
  38  7:57  Drone  
  38  8:01  Drone  
  38  8:04  Roach, Extractor  
  39  8:06  Drone  
  39  8:08  Extractor  
  39  8:10  Drone  
  38  8:14  Drone  
  38  8:19  Drone  
  40  8:23  Hydralisk, Drone  
  43  8:28  Drone  
  43  8:32  Drone  
  45  8:36  Drone  
  45  8:41  Drone  
  47  8:43  Hydralisk  
  47  8:45  Drone  
  50  8:50  Drone  
  50  8:54  Drone  
  50  8:55  Overlord  
  52  8:58  Drone  
  54  9:02  Drone  
  54  9:04  Zergling x2  
  54  9:07  Drone  
  56  9:11  Drone  
  56  9:15  Drone  
  58  9:20  Drone  
  60  9:24  Drone  
  60  9:25  Overlord  
  60  9:28  Drone  
  61  9:33  Drone  
  61  9:37  Drone  
  63  11:43  Overseer, Overlord, Pneumatized Carapace  
  63  11:44  Infestation Pit  
  63  11:47  Evolution Chamber  
  61  11:54  Hatchery  
  60  12:13  Zerg Melee Weapons Level 1  
  60  12:20  Hydralisk  
  56  12:26  Hive  
  56  12:29  Overseer  
  47  12:35  Overseer  
  47  12:36  Overlord  
  47  12:43  Hydralisk  
  49  13:06  Zergling x2  
  49  13:07  Drone  
  49  13:11  Drone  
  52  13:16  Drone  
  52  13:18  Extractor  
  52  13:20  Drone  
  52  13:21  Extractor  
  52  13:24  Drone  
  53  13:28  Overseer  
  53  13:29  Drone, Overlord  
  53  13:33  Drone  
  55  13:35  Zergling x2  
  55  13:38  Drone  
  50  13:42  Drone  
  50  13:44  Ultralisk Cavern  
  50  13:47  Drone  
  50  13:49  Hydralisk  
  50  13:52  Drone  
  42  13:57  Drone  
  42  14:01  Drone  
  42  14:04  Zergling x2  
  42  14:06  Overseer, Drone  
  42  14:07  Overlord  
  40  14:10  Drone  
  40  14:14  Drone  
  42  14:17  Overseer  
  42  14:18  Roach, Overseer  
  42  14:19  Drone  
  44  14:26  Overlord, Drone  
  44  14:30  Drone  
Tags
 
Add a new tag
Caveats
  • Supply blocks, unpowered buildings, or Contaminate may cause inaccurate times.
  • Supply counts are checked every 10 seconds.